 Dungeon Crawl Stone Soup version 0.23.2-30-g0e89c35649 (webtiles) character file.

Game seed: 9481629717386154300

37505 teukkam the Protected (level 13, 0/107 HPs)
             Began as a Minotaur Fighter on June 14, 2019.
             Was an Initiate of Gozag.
             Succumbed to a black mamba's poison
             ... on level 6 of the Lair of Beasts.
             The game lasted 01:01:02 (14520 turns).

teukkam the Protected (Minotaur Fighter)           Turns: 14520, Time: 01:01:03

Health: 0/107      AC:  0    Str: 26    XL:     13   Next: 58%
Magic:  19/19      EV: 13    Int:  5    God:    Gozag
Gold:   2341       SH:  0    Dex: 10    Spells: 12/12 levels left

rFire    + . .     SeeInvis .   (weapon currently unavailable)
rCold    + . .     Gourm    .   (shield currently unavailable)
rNeg     . . .     Faith    .   (armour currently unavailable)
rPois    +         Spirit   .   (helmet currently unavailable)
rElec    +         Reflect  .   (cloak currently unavailable)
rCorr    +         Harm     .   (gloves currently unavailable)
MR       .....                  (boots currently unavailable)
Stlth    +.........             B - amulet of rage
HPRegen  0.27/turn              (ring currently unavailable)
MPRegen  0.16/turn              (ring currently unavailable)

@: lethally poisoned (0 -> -12), pig-form, resistant, very quick
A: small, (retaliatory headbutt)
a: Potion Petition, Call Merchant, Bribe Branch, Renounce Religion, Evoke
Berserk Rage


You were on level 6 of the Lair of Beasts.
You worshipped Gozag.
Gozag was most pleased with you.
You were not hungry.
You were a filthy swine.
You visited 3 branches of the dungeon, and saw 17 of its levels.
You also visited: Volcano.

You collected 2875 gold pieces.
You spent 441 gold pieces at shops.
You paid 93 gold pieces to Gozag.

Inventory:

Hand Weapons
 a - a +2 dagger of chaos (melded)
 b - a +0 hunting sling
 c - a +0 war axe of flaming
 g - a +0 blowgun
 l - a +1 hand axe of chopping
 v - a +0 battleaxe of flaming
 D - a +0 dagger of venom
 E - a +0 trident of protection
 G - a +0 rapier of electrocution
 K - a +0 shortbow of flaming
 L - a +2 whip of freezing
 M - a +1 war axe of protection
Missiles
 k - 58 sling bullets
 o - 55 poisoned needles
 p - 310 stones (quivered)
 w - 4 needles of sleeping
 x - 17 tomahawks
 U - 107 arrows
Armour
 d - a +0 shield
 t - the +7 plate armour of the Doldrums (melded) {*Corrode Int+3 Slay+6 SInv}
   (You found it on level 8 of the Dungeon)

   It affects your intelligence (+3).
   It affects your accuracy and damage with ranged weapons and melee attacks
   (+6).
   It lets you see invisible.
   It may corrode you when you take damage.
 z - a +1 pair of gloves of dexterity (melded)
 C - a +0 pair of boots (melded)
 J - a scarf of spirit shield (melded)
 W - a +0 large shield (melded)
Magical Staves
 h - an uncursed staff of poison
 n - an uncursed staff of air
 I - an uncursed staff of power
Jewellery
 u - an uncursed ring of protection from fire
 y - a +3 ring of dexterity
 B - an amulet of rage (around neck)
 F - the ring "Lytut" (melded) {+Blink Str+6 Stlth-}
   (You found it on level 6 of the Dungeon)

   [ring of attention]

   It affects your strength (+6).
   It lets you blink.
   It makes you less stealthy.
 N - an uncursed ring of poison resistance
 R - an uncursed ring of positive energy
 T - an uncursed amulet of guardian spirit
 X - the ring "Boukk" (melded) {rF+ rN+ MR- EV+2 Stlth+}
   (You found it on level 6 of the Lair of Beasts)

   [ring of evasion]

   It affects your evasion (+2).
   It protects you from fire.
   It protects you from negative energy.
   It affects your resistance to hostile enchantments.
   It makes you more stealthy.
 Y - an uncursed ring of see invisible
Wands
 r - a wand of digging (11)
 A - a wand of flame (1)
Scrolls
 e - 2 scrolls of enchant armour
 m - 12 scrolls of identify
 q - 3 scrolls of teleportation
 s - 4 scrolls of remove curse
 P - a scroll of fog {unknown}
 V - a scroll of enchant weapon
Potions
 i - a potion of resistance
 Q - 4 potions of agility
 S - a potion of berserk rage
 Z - a potion of flight
Miscellaneous
 j - a lightning rod (4/4)
Comestibles
 f - 14 rations


   Skills:
 - Level 7.9 Fighting
 + Level 11.5 Short Blades
 + Level 8.0 Axes
 + Level 11.5 Slings
 + Level 13.1 Armour
 - Level 7.9 Shields
 + Level 9.8 Evocations


You had 12 spell levels left.
You didn't know any spells.
Your spell library contained the following spells:

 Spells                   Type           Power        Failure   Level  Hunger
 Animate Skeleton         Necr           N/A          47%         1    ##.....
 Apportation              Tloc           #.....       47%         1    ##.....
 Confusing Touch          Hex            #.....       47%         1    ##.....
 Magic Dart               Conj           #...         47%         1    ##.....
 Pain                     Necr           #...         47%         1    ##.....
 Summon Small Mammal      Summ           #...         47%         1    ##.....
 Call Imp                 Summ           #.......     63%         2    ###....
 Searing Ray              Conj           #.....       63%         2    ###....
 Sublimation of Blood     Necr           #.........   63%         2    ###....
 Call Canine Familiar     Summ           #.......     85%         3    ####...
 Dazzling Spray           Conj/Hex       #.....       85%         3    ####...
 Ignite Poison            Fire/Tmut/Pois #.......     85%         3    ####...
 Regeneration             Chrm/Necr      #.........   85%         3    ####...
 Summon Guardian Golem    Hex/Summ       #.......     85%         3    ####...
 Vampiric Draining        Necr           #.........   85%         3    ####...
 Animate Dead             Necr           N/A          99%         4    #####..
 Force Lance              Conj/Tloc      #.......     99%         4    #####..
 Fulminant Prism          Conj/Hex       #.........   99%         4    #####..
 Iskenderun's Mystic Bla  Conj           #.......     99%         4    #####..
 Petrify                  Tmut/Erth      #.......     99%         4    #####..
 Summon Ice Beast         Ice/Summ       #.......     99%         4    #####..
 Summon Lightning Spire   Summ/Air       #.......     99%         4    #####..
 Alistair's Intoxication  Tmut/Pois      #.......     100%        5    ######.
 Irradiate                Conj/Tmut      #.........   100%        5    ######.


Dungeon Overview and Level Annotations

Branches:
Dungeon (10/15)            Temple (1/1) D:4            Lair (6/6) D:10
 Spider (0/4) Lair:3        Slime (0/5) Lair:5
  Swamp: Lair:2-4    Shoals: Lair:2-4       Orc: D:9-12

Altars:
Ashenzari
Dithmenos
Gozag
Hepliaklqana
Okawaru
Ru
Sif Muna
Trog
Uskayaw
Vehumet
Xom
Yredelemnul
Zin
The Shining One
Jiyva

Shops:
D:8 *

Annotations:
D:7 Harold
D:9 1 transporter
Lair:1 2 runed translucent doors, senseless's ghost, novice MiFi
Lair:6 Kirke


Innate Abilities, Weirdness & Mutations

((You reflexively headbutt those who attack you in melee.))
((You have a pair of horns on your head.))


Message History

You feel sick. The black mamba closely misses you.
The hog bites the fungus!
The hog barely misses you. The hog bites you.
* * * LOW HITPOINT WARNING * * *
The black mamba bites you!
* * * LOW HITPOINT WARNING * * *
It was a potion of magic.
Magic courses through your body.
Your surroundings suddenly seem different.
* * * LOW HITPOINT WARNING * * *
You feel sick.
* * * LOW HITPOINT WARNING * * *
You feel sick.
* * * LOW HITPOINT WARNING * * *
You feel sick.
* * * LOW HITPOINT WARNING * * *
You feel sick.
Okay, then.
* * * LOW HITPOINT WARNING * * *
You feel sick.
You die...
Your body crumbles into a pile of gold.

### #h####### ###
##...##..###.######
#......##.....P..P#
###......##........##
#........##..YP##...#
##...........####....
#............# #....
##............###..P.
##...$.(.....##...##


There were no monsters in sight!

Vanquished Creatures
  Rupert (Lair:4)
  A red draconian (Volcano)
  A fire dragon (Lair:6)
  3 hydras
  A centaur warrior (D:9)
  2 two-headed ogres
  4 death yaks (Lair:6)
  A salamander mystic (Volcano)
  A swamp dragon (Lair:6)
  Pikel (D:4)
  A manticore (D:8)
  4 oklob plants (Lair:5)
  2 salamanders (Volcano)
  5 elephants (Lair:6)
  4 black mambas
  2 molten gargoyles (Lair:3)
  Psyche (D:8)
  6 spiny frogs
  5 komodo dragons
  3 rime drakes (Lair:6)
  2 trolls (D:9)
  3 polar bears (Lair:4)
  14 blink frogs
  4 hippogriffs
  4 dream sheep (Lair:6)
  2 wyverns
  Sigmund (D:3)
  Eustachio (D:4)
  21 yaks
  A steam dragon (Lair:6)
  A basilisk (Lair:3)
  2 acid dragons (Lair:6)
  9 water moccasins
  A porcupine (Lair:5)
  A swamp drake (Lair:6)
  An orc warrior (D:6)
  3 black bears
  4 slaves (D:4)
  A phantom (D:9)
  4 ogres
  3 sky beasts
  An eye of draining (D:10)
  16 wolves
  11 crocodiles
  6 centaurs
  A big kobold (D:8)
  6 bullfrogs
  A scorpion (D:8)
  An electric eel (Lair:1)
  3 crimson imps
  4 lava snakes (Lair:3)
  2 hounds (D:4)
  2 jellies
  2 bullfrog skeletons
  2 orc priests
  4 iguanas
  3 orc wizards
  6 worker ants
  Natasha (D:3)
  2 hound zombies (D:6)
  A hound skeleton (D:4)
  4 gnolls (D:5)
  13 adders
  2 shadow imps (D:5)
  An ooze (D:4)
  4 adder skeletons
  An adder zombie (D:5)
  2 worms (D:3)
  A dart slug (D:1)
  5 leopard geckos
  30 orcs
  2 giant cockroaches (D:3)
  3 goblins
  8 hobgoblins
  6 jackals
  9 kobolds
  2 quokkas
  A ball python (D:3)
  A ball python skeleton (D:4)
  3 bats (D:1)
  8 frilled lizards
  A jackal zombie (D:8)
  A quokka skeleton (D:8)
  3 rats
  A bush (D:1)
  2 butterflies (Lair:5)
  2 fungi (Lair:5)
  5 plants
328 creatures vanquished.

Vanquished Creatures (others)
  A bullfrog (Lair:1)
  A lava snake (Lair:3)
  34 fungi (Lair:6)
  22 plants
58 creatures vanquished.

Grand Total: 386 creatures vanquished

Notes
Turn   | Place    | Note
-------+----------+-------------------------------------------
     0 | D:1      | teukkam the Minotaur Fighter began the quest for the Orb.
     0 | D:1      | Reached XP level 1. HP: 19/19 MP: 0/0
   270 | D:1      | Reached XP level 2. HP: 26/27 MP: 1/1
   490 | D:1      | Reached skill level 4 in Armour
   601 | D:2      | Reached XP level 3. HP: 33/33 MP: 2/2
   693 | D:3      | Noticed a bullfrog
   706 | D:3      | Killed a bullfrog
   706 | D:3      | Reached XP level 4. HP: 23/41 MP: 3/3
   841 | D:4      | Noticed an ogre
  1108 | D:5      | Entered Level 5 of the Dungeon
  1175 | D:5      | Reached XP level 5. HP: 47/47 MP: 4/4
  1545 | D:4      | Noticed an ogre
  1638 | D:4      | Killed an ogre
  1638 | D:4      | Reached skill level 5 in Fighting
  1638 | D:4      | Reached skill level 5 in Armour
  1638 | D:4      | Reached skill level 5 in Shields
  1638 | D:4      | Reached XP level 6. HP: 56/56 MP: 5/5
  2687 | D:3      | Noticed Sigmund
  2724 | D:3      | Killed Sigmund
  3099 | D:3      | Noticed Natasha
  3102 | D:3      | Killed Natasha
  3199 | D:4      | Reached skill level 5 in Axes
  3199 | D:4      | Reached XP level 7. HP: 60/62 MP: 6/6
  3228 | D:4      | Reached skill level 6 in Armour
  3349 | D:4      | Noticed Eustachio
  3355 | D:4      | Killed Eustachio
  3430 | D:4      | Found a staircase to the Ecumenical Temple.
  3445 | D:4      | Noticed Pikel
  3459 | D:4      | Killed Pikel
  3459 | D:4      | Reached skill level 7 in Armour
  3459 | D:4      | Reached XP level 8. HP: 18/71 MP: 7/7
  3713 | Temple   | Entered the Ecumenical Temple
  3880 | Temple   | Became a worshipper of Gozag Ym Sagoz the Greedy
  4175 | D:4      | Found a basalt altar of Yredelemnul.
  4361 | D:5      | Found a radiant altar of Vehumet.
  4643 | D:5      | Found a shadowy altar of Dithmenos.
  5373 | D:6      | Reached skill level 8 in Armour
  5373 | D:6      | Reached XP level 9. HP: 81/81 MP: 8/8
  5548 | D:6      | Got a scintillating glass ring
  5551 | D:6      | Identified the ring "Lytut" {+Blink Str+6 Stlth-} (You
                  | found it on level 6 of the Dungeon)
  5702 | D:6      | Reached skill level 1 in Short Blades
  5705 | D:6      | Reached skill level 1 in Slings
  5745 | D:6      | Reached skill level 1 in Evocations
  5947 | D:7      | Noticed Harold
  6110 | D:8      | Found Xonakhlaa's Assorted Antiques.
  6115 | D:8      | Bought a scroll labeled CASUNU SEUL for 21 gold pieces
  6116 | D:8      | Bought a glowing scarf for 168 gold pieces
  6203 | D:8      | Bought a runed bone wand for 84 gold pieces
  6203 | D:8      | Bought a shiny ring mail for 147 gold pieces
  6215 | D:8      | Bought a scroll labeled KEISME ZOI for 21 gold pieces
  6220 | D:8      | Noticed Psyche
  6224 | D:8      | Killed Psyche
  6400 | D:8      | Noticed a two-headed ogre
  6403 | D:8      | Killed a two-headed ogre
  6403 | D:8      | Reached skill level 5 in Short Blades
  6403 | D:8      | Reached XP level 10. HP: 83/88 MP: 10/12
  6411 | D:8      | Reached skill level 5 in Slings
  6742 | D:8      | Noticed a manticore
  6742 | D:8      | a hippogriff changed into a manticore
  6751 | D:8      | Killed a manticore
  6782 | D:8      | Got a polished plate armour
  6793 | D:8      | Identified the +7 plate armour of the Doldrums {*Corrode
                  | Int+3 Slay+6 SInv} (You found it on level 8 of the Dungeon)
  7109 | D:9      | Noticed a two-headed ogre
  7119 | D:9      | Killed a two-headed ogre
  7119 | D:9      | Reached skill level 5 in Evocations
  7272 | D:9      | Noticed a centaur warrior
  7280 | D:9      | Noticed a two-headed ogre
  7280 | D:9      | Noticed a rakshasa
  7282 | D:9      | Noticed a tengu warrior
  7286 | D:9      | Killed a centaur warrior
  7286 | D:9      | Reached skill level 9 in Armour
  7297 | D:9      | Noticed a centaur warrior
  7306 | D:9      | Found a transporter.
  7314 | D:10     | Entered Level 10 of the Dungeon
  7410 | D:10     | Reached XP level 11. HP: 79/94 MP: 12/14
  7482 | D:10     | Found a staircase to the Lair.
  7499 | Lair:1   | Entered Level 1 of the Lair of Beasts
  8114 | Lair:1   | Found a large runed translucent door.
  8114 | Lair:1   | Found a large runed translucent door.
  8116 | Lair:1   | Noticed senseless's ghost (novice MiFi)
  8247 | Lair:1   | Noticed a six-headed hydra
  8253 | Lair:1   | Killed a three-headed hydra
  8791 | Lair:3   | Reached skill level 10 in Armour
  8791 | Lair:3   | HP: 2/94 [lava snake/glob of lava (6)]
  9143 | Lair:3   | Found a hole to the Spider Nest.
  9999 | Lair:4   | Noticed Rupert
 10025 | Lair:4   | Killed Rupert
 10285 | Lair:4   | Reached XP level 12. HP: 84/101 MP: 13/16
 10288 | Lair:4   | Reached skill level 11 in Armour
 10428 | Lair:4   | You fall through a shaft for 2 floors!
 10428 | Lair:6   | Entered Level 6 of the Lair of Beasts
 10478 | Lair:5   | Noticed a five-headed hydra
 10485 | Lair:5   | Killed a four-headed hydra
 10556 | Lair:5   | Found a dark tunnel.
 10561 | Volcano  | Entered a volcano
 10687 | Volcano  | Noticed a red draconian
 10705 | Volcano  | Killed a red draconian
 11501 | Lair:5   | Found a viscous altar of Jiyva.
 11501 | Lair:5   | Found a staircase to the Slime Pits.
 12091 | Lair:6   | Reached skill level 10 in Short Blades
 12187 | Lair:6   | Reached skill level 10 in Slings
 12194 | Lair:6   | Noticed a six-headed hydra
 12223 | Lair:6   | Killed a two-headed hydra
 12356 | Lair:6   | Reached skill level 12 in Armour
 12559 | Lair:6   | Noticed a fire dragon
 12582 | Lair:6   | Killed a fire dragon
 12873 | Lair:6   | Got a twitching lapis lazuli ring
 12876 | Lair:6   | Identified the ring "Boukk" {rF+ rN+ MR- EV+2 Stlth+} (You
                  | found it on level 6 of the Lair of Beasts)
 13509 | Lair:5   | Reached XP level 13. HP: 94/107 MP: 15/18
 14334 | Lair:6   | Reached skill level 13 in Armour
 14458 | Lair:6   | Noticed Kirke
 14515 | Lair:6   | HP: 5/107 [poisoned by a black mamba]
 14518 | Lair:6   | HP: 2/107 [poisoned by a black mamba]
 14520 | Lair:6   | Succumbed to a black mamba's poison

Skill      XL: |  1  2  3  4  5  6  7  8  9 10 11 12 13 |
---------------+----------------------------------------+-----
Axes           | 3 4 5 6 7 8 |  8.0
Shields        | 4 5 6 7 |  7.9
Armour         | 4 5 7 8 9 10 12 13 | 13.1
Fighting       | 4 5 6 7 |  7.9
Short Blades   | 5 7 9 10 11 | 11.5
Slings         | 4 7 9 10 11 | 11.5
Evocations     | 4 6 7 9 |  9.8

Action                   |  1- 3 |  4- 6 |  7- 9 | 10-12 | 13-15 || total
-------------------------+-------+-------+-------+-------+-------++-------
Melee: War axe           |    71 |   145 |   193 |   117 |   123 ||   649
       Headbutt          |    12 |    37 |    57 |   145 |    39 ||   290
       Dagger            |       |       |    22 |   305 |    10 ||   337
       Hunting sling     |       |       |     1 |       |       ||     1
       Whip              |       |       |       |    21 |       ||    21
       Unarmed           |       |       |       |       |     2 ||     2
 Fire: Hunting sling     |       |       |    27 |    28 |    59 ||   114
       Blowgun           |       |       |       |     1 |       ||     1
Throw: Tomahawk          |       |       |     5 |     2 |       ||     7
 Abil: Evoke Blink       |       |       |       |    10 |    17 ||    27
Evoke: Wand              |       |       |     5 |    40 |       ||    45
  Use: Scroll            |     4 |     3 |     6 |     4 |     1 ||    18
       Potion            |       |     1 |     3 |    16 |     4 ||    24
 Stab: Confused          |       |       |     2 |       |       ||     2
       Petrifying        |       |       |       |     2 |       ||     2
       Petrified         |       |       |       |     2 |       ||     2
       Distracted        |       |       |       |     2 |       ||     2
       Invisible         |       |       |       |     4 |     3 ||     7
  Eat: Chunk             |       |     4 |     1 |       |       ||     5
       Ration            |       |     1 |     3 |     7 |     1 ||    12
Armor: Scale mail        |    29 |    56 |    39 |       |       ||   124
       Leather armour    |     3 |       |       |       |       ||     3
       Chain mail        |       |       |    53 |       |       ||    53
       Ring mail         |       |       |     7 |    24 |       ||    31
       Plate armour      |       |       |       |   182 |    62 ||   244
Dodge: Dodged            |    27 |    31 |    68 |   108 |    32 ||   266
Block: Shield            |    43 |    60 |   128 |   161 |       ||   392
       Large shield      |       |       |       |   141 |   130 ||   271
